 Dungeon Crawl Stone Soup version 0.27-a0-1456-gf5a116941d (webtiles) character file.

Game seed: 14800083924651058391

57260 night the Thaumaturge (level 14, -3/195 HPs)
             Began as a Gnoll Wanderer on July 1, 2021.
             Was an Initiate of Gozag.
             Slain by a sixfirhy (5 damage)
             ... summoned by a glowing orange brain
             ... on level 1 of the Abyss on July 6, 2021.
             The game lasted 00:54:24 (26883 turns).

night the Thaumaturge (Gnoll Wanderer)             Turns: 26883, Time: 00:54:24

Health: -3/195     AC: 15    Str: 12    XL:     14   Next: 85%
Magic:  29/29      EV:  2    Int: 16    God:    Gozag
Gold:   4022       SH: 12    Dex: 18    Spells: 20/36 levels left

rFire    . . .     SeeInvis .   m - +2 hand axe (flame)
rCold    . . .     Faith    .   F - +0 buckler
rNeg     + + +     Spirit   .   (armour currently unavailable)
rPois    +         Reflect  +   (helmet currently unavailable)
rElec    .         Harm     .   (cloak currently unavailable)
rCorr    .         Rampage  .   (gloves currently unavailable)
Will     +....     NoTele   +   (boots currently unavailable)
Stlth    ..........             U - amulet of reflection
HPRegen  0.42/turn              x - +6 ring of dexterity
MPRegen  0.21/turn              k - +4 ring of slaying

@: berserking (expiring), tree-form (expiring), corroded, gold aura, hasted,
very quick
A: stationary, stasis, torment immunity, boosted hp, (fangs 1), strong nose,
distributed training, (hooves 1), evolution 1, MP-powered wands, [frail 2],
[screaming 2]
a: Renounce Religion, Potion Petition, Call Merchant, Bribe Branch


You were on level 1 of the Abyss.
You worshipped Gozag.
Gozag was most pleased with you.
You were a tree.
You visited 3 branches of the dungeon, and saw 18 of its levels.
You visited the Abyss 1 time.

You collected 4137 gold pieces.
You paid 115 gold pieces to Gozag.

Inventory:

Hand Weapons
 m - a +2 hand axe of flaming (weapon)
 o - a +2 dagger of electrocution
 u - the +4 hand axe of Unpleasantness {elec, rPois rN++ Dex-4 Stlth-}
   (You found it on level 10 of the Dungeon)

   Occasionally, upon striking a foe, it can discharge electrical energy and
   cause terrible harm.
   Dex:       It affects your dexterity (-4).
   rPois:     It protects you from poison.
   rN:        It greatly protects you from negative energy.
   Stlth:     It makes you less stealthy.
 J - a +2 trident of flaming
 Z - a +0 broad axe
Missiles
 b - 25 stones
 s - 17 javelins
 G - 6 curare-tipped darts
 H - 6 boomerangs
 P - 52 poisoned darts (quivered)
Armour
 a - a +0 pair of boots (melded)
 h - a +0 pair of gloves (melded)
 r - a +0 cloak (melded)
 y - the +4 ring mail "Kato" (melded) {Drain rF+++ rN++ Dex+4}
   (You found it on level 5 of the Dungeon)

   Dex:       It affects your dexterity (+4).
   rF:        It renders you almost immune to fire.
   rN:        It greatly protects you from negative energy.
   Drain:     It drains your maximum health when unequipped.
 F - a +0 buckler (worn)
 I - a +2 scale mail of fire resistance
 W - a +0 helmet (melded)
Jewellery
 k - a +4 ring of slaying (right branch)
 x - a +6 ring of dexterity (left branch)
 C - a ring of protection from cold
 M - a ring of positive energy
 R - a ring of fire
 U - an amulet of reflection (around neck)
Wands
 c - a wand of paralysis (7)
 t - a wand of acid (26)
 A - a wand of digging (17)
 K - a wand of flame (36)
 L - a wand of charming (6)
 S - a wand of iceblast (46)
 Y - a wand of polymorph (3)
Scrolls
 n - 4 scrolls of amnesia
 p - a scroll of teleportation
 w - 4 scrolls of enchant weapon
 z - 3 scrolls of fear
 B - 2 scrolls of summoning
 E - 4 scrolls of magic mapping
 N - a scroll of fog
 V - a scroll of blinking
Potions
 d - a potion of cancellation
 e - 5 potions of attraction
 f - 3 potions of brilliance
 g - 3 potions of heal wounds
 i - 5 potions of curing
 j - 2 potions of flight
 q - a potion of ambrosia
 D - 3 potions of haste
 O - 4 potions of might
 Q - a potion of magic
Miscellaneous
 l - a condenser vane
 X - a box of beasts


   Skills:
 + Level 9.9 Fighting
 + Level 9.5 Short Blades
 + Level 9.5 Long Blades
 + Level 9.5 Axes
 + Level 9.9 Maces & Flails
 + Level 9.5 Polearms
 + Level 9.5 Staves
 + Level 9.5 Slings
 + Level 9.5 Bows
 + Level 9.5 Crossbows
 + Level 9.5 Throwing
 + Level 9.9 Armour
 + Level 9.5 Dodging
 + Level 9.5 Stealth
 + Level 9.9 Shields
 + Level 9.5 Unarmed Combat
 + Level 11.7 Spellcasting
 + Level 8.0 Conjurations
 + Level 8.0 Hexes
 + Level 8.0 Summonings
 + Level 8.0 Necromancy
 + Level 8.0 Translocations
 + Level 8.0 Transmutations
 + Level 8.0 Fire Magic
 + Level 8.9 Ice Magic
 + Level 8.0 Air Magic
 + Level 8.0 Earth Magic
 + Level 8.0 Poison Magic
 + Level 10.3 Invocations
 + Level 9.9 Evocations


You had 20 spell levels left.
You knew the following spells:

 Your Spells              Type           Power      Damage    Failure   Level
a - Freeze                Ice            100%       1d11      1%          1
b - Frozen Ramparts       Ice            76%        1d9       1%          3
c - Ozocubu's Armour      Ice            38%        N/A       1%          3
d - Shock                 Conj/Air       100%       1d9       1%          1
e - Stone Arrow           Conj/Erth      70%        3d11      1%          3
f - Fireball              Conj/Fire      17%        3d9       8%          5

Your spell library contained the following spells:

 Spells                   Type           Power      Damage    Failure   Level
 Beastly Appendage        Tmut           70%        N/A       1%          1
 Sandblast                Erth           70%        2d15      1%          1
 Wereblood                Tmut           35%        N/A       1%          2
 Dazzling Flash           Conj/Hex       70%        N/A       1%          3
 Portal Projectile        Hex/Tloc       70%        N/A       1%          3
 Spider Form              Tmut/Pois      17%        N/A       1%          3
 Cause Fear               Hex            17%        N/A       2%          4
 Hailstorm                Conj/Ice       36%        3d9       2%          4
 Iskenderun's Mystic Bla  Conj/Tloc      35%        2d8       2%          4
 Metabolic Englaciation   Hex/Ice        18%        N/A       6%          5
 Blade Hands              Tmut           17%        N/A       8%          5
 Excruciating Wounds      Necr           17%        N/A       8%          5
 Iskenderun's Battlesphe  Conj           35%        2d9       8%          5
 Conjure Ball Lightning   Conj/Air       17%        3x3d6     41%         6
 Starburst                Conj/Fire      17%        8x6d6     41%         6
 Dragon Form              Tmut           17%        N/A       94%         7
 Orb of Destruction       Conj           17%        9d8       94%         7
 Ignition                 Fire           17%        3d7       100%        8
 Maxwell's Capacitive Co  Air            17%        ∞         100%        8
 Dragon's Call            Summ           17%        N/A       100%        9


Dungeon Overview and Level Annotations

Branches:
Dungeon (11/15)            Temple (1/1) D:6            Lair (6/6) D:9
  Swamp (0/4) Lair:2       Spider (0/4) Lair:4        Slime (0/5) Lair:6
    Orc: D:9-12

Altars:
Ashenzari
Cheibriados
Dithmenos
Elyvilon
Fedhas
Gozag
Hepliaklqana
Kikubaaqudgha
Makhleb
Nemelex Xobeh
Okawaru
Qazlal
Ru
Sif Muna
Trog
Uskayaw
Vehumet
Wu Jian
Xom
Yredelemnul
Zin
The Shining One

Shops:
D:2 ?

Portals:
Abyss: D:9

Annotations:
D:3 Grinder
D:4 2 transporters, ploum's ghost, amateur DECj
D:6 3 runed translucent doors, wineyard's ghost, amateur TrAM
D:9 2 transporters, Domino's ghost, journeyman MiBe
D:11 Erolcha


Innate Abilities, Weirdness & Mutations

You are a tree.
Your roots penetrate the ground, keeping you stationary.
You cannot be teleported.
You are immune to unholy pain and torment.
Your maximum health is greatly increased.
Your equipment is partially melded.
((You have very sharp teeth.))
Your uncanny sense of smell can sniff out nearby items.
Your experience applies equally to all skills.
((You have large cloven feet.))
You evolve.
You expend magic power (3 MP) to strengthen your wands.
[You are very frail. (-20% HP)]
[You frequently scream uncontrollably at your foes.]


Message History

You block the tentacled starspawn's attack. x2
The revenant is distracted by your dazzling golden aura.
A tentacle flies out from the starspawn's body!
You creak at the starspawn tentacle!
A starspawn tentacle comes into view.
You hit the tentacled starspawn. You burn the tentacled starspawn.
The tentacled starspawn is moderately damaged.
You hit the revenant but do no damage.
The revenant is no longer distracted by gold.
You miss the sixfirhy.
The sixfirhy is no longer distracted by gold.
You hit the glowing orange brain. You burn the glowing orange brain.
You hear a roar!
The sixfirhy hits you but does no damage.
The sixfirhy hits you!
* * * LOW HITPOINT WARNING * * *
The sixfirhy shocks you!
* * * LOW HITPOINT WARNING * * *
A small abomination comes into view.
You slash the tentacled starspawn! You burn the tentacled starspawn.
The tentacled starspawn is heavily damaged.
You hit the glowing orange brain. You burn the glowing orange brain.
You hit the sixfirhy but do no damage. You slash the revenant!
You burn the revenant. You block the sixfirhy's attack.
The sixfirhy barely misses you. The tentacled starspawn bites you!!
* * * LOW HITPOINT WARNING * * *
The tentacled starspawn tentacle-slaps you!
* * * LOW HITPOINT WARNING * * *
The ynoxinul is distracted by your dazzling golden aura.
You block the revenant's attack.
The ynoxinul bellows!
You are too berserk!
You slash the revenant! You burn the revenant.
The revenant is moderately damaged.
You closely miss the sixfirhy. You hit the glowing orange brain.
You burn the glowing orange brain. You hit the tentacled starspawn.
You burn the tentacled starspawn. You block the sixfirhy's attack.
The sixfirhy hits you.
You die...
Your body crumbles into a pile of gold.

∆ .. . # #
#≈# #
.#.G#x# ≈ .#
t#w3# # ###
.###LX# .. .
## ##♣3.## .
. # #X#G..##
# #
.<│.##w#.
.... ..#.\..
#..
....#.#..
.##.#.. #
.... ....
... ####.4 #
...#.#######
# . ...#
#.#. #


You could see 2 tentacled starspawn, a revenant (strong), a shining eye
(summoned), a glowing orange brain, a sixfirhy (summoned), a ynoxinul, a small
abomination and 2 starspawn tentacles.

Vanquished Creatures
  A shambling mangrove (Lair:6)
  6 hydras
  A boulder beetle (Lair:4)
  Erica (Lair:1)
  4 death yaks (Lair:4)
  2 two-headed ogres
  Nergalle (Lair:1)
  2 lindwurms (Lair:6)
  2 bog bodies (Lair:2)
  2 wolf spiders (Lair:4)
  An oklob plant (Lair:6)
  15 elephants
  4 black mambas
  A rust devil (Abyss:1)
  28 cane toads
  A kobold demonologist (D:11)
  A gargoyle (D:11)
  6 rime drakes
  9 komodo dragons
  3 tyrant leeches (Lair:6)
  4 hornets
  2 polar bears
  3 trolls
  22 blink frogs
  9 dream sheep
  2 shadows
  Sigmund (D:3)
  2 redbacks (Lair:4)
  6 wyverns
  A ynoxinul (Abyss:1)
  2 basilisks
  33 yaks
  Grum (Lair:1)
  6 vampire mosquitoes (Lair:6)
  18 water moccasins
  A floating eye (Lair:6)
  2 acid dragons
  2 sky beasts
  5 orc warriors
  2 black bears (D:9)
  An ice beast (D:6)
  4 wolves
  4 centaurs
  2 ogres (D:6)
  2 phantoms
  4 kobold brigands
  26 bullfrogs
  2 scorpions
  A wyvern zombie (D:5)
  2 small abominations (Abyss:1)
  A ballistomycete (Lair:6)
  9 killer bees
  8 wights
  6 howler monkeys (D:9)
  3 electric eels
  2 centaur zombies
  3 hounds
  4 jellies
  5 orc priests
  4 centaur skeletons
  Crazy Yiuf (D:3)
  Jessica (D:3)
  2 iguanas
  11 orc wizards
  A scorpion zombie (D:5)
  A killer bee zombie (D:5)
  A hound skeleton (D:4)
  6 adders
  2 shadow imps
  An ufetubus (D:6)
  A worm (D:4)
  5 dart slugs
  34 orcs
  12 endoplasms
  A giant cockroach (D:2)
  5 hobgoblins
  14 jackals
  13 kobolds
  6 quokkas
  5 ball pythons
  5 bats
  6 frilled lizards
  10 goblins
  5 rats
  2 ballistomycete spores (Lair:6)
  A bush (D:3)
460 creatures vanquished.

Vanquished Creatures (collateral kills)
  An orc (D:3)
1 creature vanquished.

Vanquished Creatures (others)
  4 ballistomycete spores (Lair:6)
  42 fungi
  177 plants
  A starspawn tentacle (Abyss:1)
224 creatures vanquished.

Grand Total: 685 creatures vanquished

Notes
Turn   | Place    | Note
-------+----------+-------------------------------------------
     0 | D:1      | night the Gnoll Wanderer began the quest for the Orb.
     0 | D:1      | night set off with the following items: a +0 club, a +0
                  | robe; and the following spells available to memorise:
                  | Freeze, Frozen Ramparts, Ozocubu's Armour, Sandblast,
                  | Shock, Stone Arrow, Hailstorm, Metabolic Englaciation
     0 | D:1      | Reached XP level 1. HP: 17/17 MP: 8/8
   271 | D:1      | Learned a level 1 spell: Freeze
   513 | D:1      | Reached XP level 2. HP: 22/23 MP: 5/10
   868 | D:1      | Reached XP level 3. HP: 25/28 MP: 8/11
   874 | D:1      | Learned a level 3 spell: Frozen Ramparts
   878 | D:1      | Learned a level 3 spell: Ozocubu's Armour
  1687 | D:2      | Found Ydwutun's Magic Scroll Emporium.
  1771 | D:2      | Reached skill level 1 in Invocations
  2252 | D:2      | Reached skill level 1 in Short Blades
  2252 | D:2      | Reached skill level 1 in Long Blades
  2252 | D:2      | Reached skill level 1 in Axes
  2252 | D:2      | Reached skill level 1 in Polearms
  2252 | D:2      | Reached skill level 1 in Staves
  2252 | D:2      | Reached skill level 1 in Slings
  2252 | D:2      | Reached skill level 1 in Bows
  2252 | D:2      | Reached skill level 1 in Crossbows
  2252 | D:2      | Reached skill level 1 in Throwing
  2252 | D:2      | Reached skill level 1 in Dodging
  2252 | D:2      | Reached skill level 1 in Stealth
  2252 | D:2      | Reached skill level 1 in Unarmed Combat
  2302 | D:2      | Reached XP level 4. HP: 24/34 MP: 13/13
  2557 | D:2      | Reached skill level 1 in Conjurations
  2557 | D:2      | Reached skill level 1 in Hexes
  2557 | D:2      | Reached skill level 1 in Summonings
  2557 | D:2      | Reached skill level 1 in Necromancy
  2557 | D:2      | Reached skill level 1 in Translocations
  2557 | D:2      | Reached skill level 1 in Transmutations
  2557 | D:2      | Reached skill level 1 in Fire Magic
  2557 | D:2      | Reached skill level 1 in Air Magic
  2557 | D:2      | Reached skill level 1 in Earth Magic
  2557 | D:2      | Reached skill level 1 in Poison Magic
  2561 | D:2      | Reached XP level 5. HP: 31/40 MP: 3/14
  3208 | D:3      | Noticed Jessica
  3218 | D:3      | Killed Jessica
  3507 | D:3      | Noticed Grinder
  3519 | D:3      | HP: 5/41 [Grinder (6)]
  3520 | D:3      | Paralysed by Grinder for 3 turns
  3765 | D:3      | Paralysed by Grinder for 6 turns
  3770 | D:3      | HP: 5/41 [Grinder (3)]
  4266 | D:3      | Found a runed translucent door.
  4267 | D:3      | Noticed Crazy Yiuf
  4274 | D:3      | Killed Crazy Yiuf
  4445 | D:3      | Noticed a sky beast
  4466 | D:3      | Killed a sky beast
  4467 | D:3      | Reached skill level 2 in Invocations
  4467 | D:3      | Reached XP level 6. HP: 42/47 MP: 11/16
  4581 | D:3      | Noticed Sigmund
  4605 | D:3      | Killed Sigmund
  4606 | D:3      | Reached skill level 2 in Short Blades
  4606 | D:3      | Reached skill level 2 in Long Blades
  4606 | D:3      | Reached skill level 2 in Axes
  4606 | D:3      | Reached skill level 2 in Polearms
  4606 | D:3      | Reached skill level 2 in Staves
  4606 | D:3      | Reached skill level 2 in Slings
  4606 | D:3      | Reached skill level 2 in Bows
  4606 | D:3      | Reached skill level 2 in Crossbows
  4606 | D:3      | Reached skill level 2 in Throwing
  4606 | D:3      | Reached skill level 2 in Dodging
  4606 | D:3      | Reached skill level 2 in Stealth
  4606 | D:3      | Reached skill level 2 in Unarmed Combat
  4606 | D:3      | Reached XP level 7. HP: 25/52 MP: 2/18
  5437 | D:4      | Found a transporter.
  5437 | D:4      | Noticed ploum's ghost (amateur DECj)
  5578 | D:4      | Reached skill level 2 in Conjurations
  5578 | D:4      | Reached skill level 2 in Hexes
  5578 | D:4      | Reached skill level 2 in Summonings
  5578 | D:4      | Reached skill level 2 in Necromancy
  5578 | D:4      | Reached skill level 2 in Translocations
  5578 | D:4      | Reached skill level 2 in Transmutations
  5578 | D:4      | Reached skill level 2 in Fire Magic
  5578 | D:4      | Reached skill level 2 in Air Magic
  5578 | D:4      | Reached skill level 2 in Earth Magic
  5578 | D:4      | Reached skill level 2 in Poison Magic
  5963 | D:4      | Found a transporter.
  6260 | D:5      | Entered Level 5 of the Dungeon
  6301 | D:5      | Found a glowing silver altar of Zin.
  6448 | D:5      | Upgraded the game from 0.27-a0-1416-g941b2bd30b to
                  | 0.27-a0-1456-gf5a116941d
  6451 | D:5      | Learned a level 1 spell: Shock
  6455 | D:5      | Learned a level 3 spell: Stone Arrow
  6553 | D:5      | Reached XP level 8. HP: 50/60 MP: 5/19
  7044 | D:5      | Found an opulent altar of Gozag.
  7061 | D:5      | Became a worshipper of Gozag Ym Sagoz the Greedy
  7116 | D:5      | Identified the +4 ring mail "Kato" {Drain rF+++ rN++ Dex+4}
  7269 | D:5      | Found a snail-covered altar of Cheibriados.
  7270 | D:5      | Found a hide-covered altar of Uskayaw.
  7270 | D:5      | Found a white marble altar of Elyvilon.
  7689 | D:6      | Found a staircase to the Ecumenical Temple.
  7847 | Temple   | Entered the Ecumenical Temple
  8106 | D:6      | Found a stormy altar of Qazlal.
  8108 | D:6      | Found a shimmering altar of Xom.
  8147 | D:6      | Reached skill level 8 in Spellcasting
  8316 | D:6      | Found a runed translucent gate.
  8319 | D:6      | Found a runed translucent gate.
  8319 | D:6      | Found a runed translucent gate.
  8319 | D:6      | Noticed wineyard's ghost (amateur TrAM)
  8924 | D:7      | Reached skill level 5 in Ice Magic
  8924 | D:7      | Reached XP level 9. HP: 62/66 MP: 17/21
  9109 | D:7      | You fall into a shaft and drop 1 floor!
  9118 | D:8      | Found an ornate altar of the Wu Jian Council.
  9316 | D:8      | Noticed a hornet
  9326 | D:8      | Killed a hornet
  9327 | D:8      | Reached skill level 5 in Fighting
  9327 | D:8      | Reached skill level 5 in Maces & Flails
  9327 | D:8      | Reached skill level 5 in Armour
  9327 | D:8      | Reached skill level 5 in Shields
  9327 | D:8      | Reached skill level 5 in Evocations
  9551 | D:8      | Reached skill level 5 in Invocations
 10160 | D:8      | Reached XP level 10. HP: 60/74 MP: 16/22
 11232 | D:7      | Noticed a two-headed ogre
 11236 | D:7      | Killed a two-headed ogre
 11237 | D:7      | Reached skill level 5 in Short Blades
 11237 | D:7      | Reached skill level 5 in Long Blades
 11237 | D:7      | Reached skill level 5 in Axes
 11237 | D:7      | Reached skill level 5 in Polearms
 11237 | D:7      | Reached skill level 5 in Staves
 11237 | D:7      | Reached skill level 5 in Slings
 11237 | D:7      | Reached skill level 5 in Bows
 11237 | D:7      | Reached skill level 5 in Crossbows
 11237 | D:7      | Reached skill level 5 in Throwing
 11237 | D:7      | Reached skill level 5 in Dodging
 11237 | D:7      | Reached skill level 5 in Stealth
 11237 | D:7      | Reached skill level 5 in Unarmed Combat
 12084 | D:9      | Reached skill level 9 in Spellcasting
 12098 | D:9      | Found a one-way gate to the infinite horrors of the Abyss.
 12098 | D:9      | Noticed Domino's ghost (journeyman MiBe)
 12135 | D:9      | Noticed a toenail golem
 12439 | D:9      | Found a staircase to the Lair.
 12440 | D:9      | You fall into a shaft and drop 1 floor!
 12440 | D:10     | Entered Level 10 of the Dungeon
 12857 | D:10     | Noticed an eight-headed hydra
 12872 | D:10     | Killed an eight-headed hydra
 12873 | D:10     | Reached XP level 11. HP: 83/83 MP: 3/24
 13390 | D:9      | Found a transporter.
 13395 | D:9      | Noticed a thrashing horror
 13490 | D:9      | Reached skill level 5 in Conjurations
 13490 | D:9      | Reached skill level 5 in Hexes
 13490 | D:9      | Reached skill level 5 in Summonings
 13490 | D:9      | Reached skill level 5 in Necromancy
 13490 | D:9      | Reached skill level 5 in Translocations
 13490 | D:9      | Reached skill level 5 in Transmutations
 13490 | D:9      | Reached skill level 5 in Fire Magic
 13490 | D:9      | Reached skill level 5 in Air Magic
 13490 | D:9      | Reached skill level 5 in Earth Magic
 13490 | D:9      | Reached skill level 5 in Poison Magic
 14141 | D:9      | Found an ancient bone altar of Kikubaaqudgha.
 14148 | D:9      | Found a radiant altar of Vehumet.
 14173 | D:9      | Noticed a two-headed ogre
 14213 | D:9      | Killed a two-headed ogre
 14363 | D:9      | Found a transporter.
 14598 | D:10     | Identified the +4 hand axe of Unpleasantness {elec, rPois
                  | rN++ Dex-4 Stlth-}
 15817 | Lair:1   | Entered Level 1 of the Lair of Beasts
 16163 | Lair:1   | Noticed Erica
 16174 | Lair:1   | Killed Erica
 16426 | Lair:1   | Noticed Nergalle
 16448 | Lair:1   | Noticed a spectral orc warlord
 16449 | Lair:1   | Killed Nergalle
 16450 | Lair:1   | Reached XP level 12. HP: 53/91 MP: 23/25
 16614 | Lair:1   | Noticed Grum
 16624 | Lair:1   | Reached skill level 10 in Spellcasting
 16633 | Lair:1   | Killed Grum
 18115 | Lair:2   | Found a staircase to the Swamp.
 18779 | Lair:3   | You fall into a shaft and drop 1 floor!
 19042 | Lair:3   | Noticed a five-headed hydra
 19072 | Lair:3   | Killed a one-headed hydra
 19445 | Lair:3   | Noticed a five-headed hydra
 19452 | Lair:3   | Killed a one-headed hydra
 19542 | Lair:3   | Noticed a six-headed hydra
 19563 | Lair:3   | Killed a one-headed hydra
 19564 | Lair:3   | Reached XP level 13. HP: 58/98 MP: 21/27
 20393 | Lair:4   | Found a broken altar of Ashenzari.
 21166 | Lair:4   | Found a hole to the Spider Nest.
 21938 | Lair:5   | Reached skill level 11 in Spellcasting
 22469 | Lair:6   | Entered Level 6 of the Lair of Beasts
 22837 | Lair:6   | Reached XP level 14. HP: 108/108 MP: 29/29
 23472 | Lair:6   | Reached skill level 10 in Invocations
 23877 | Lair:6   | HP: 15/108 [tyrant leech (10)]
 23963 | Lair:6   | Gained mutation: You are dopey. (Int -2) [potion of
                  | mutation]
 23963 | Lair:6   | Gained mutation: You have sharp toenails. [potion of
                  | mutation]
 24472 | Lair:6   | Found a staircase to the Slime Pits.
 25797 | Lair:6   | Learned a level 5 spell: Fireball
 25831 | Lair:6   | Lost mutation: You are dopey. (Int -2) [potion of mutation]
 25831 | Lair:6   | Lost mutation: You have sharp toenails. [potion of
                  | mutation]
 25831 | Lair:6   | Gained mutation: You evolve. [potion of mutation]
 25831 | Lair:6   | Gained mutation: You expend magic power (3 MP) to
                  | strengthen your wands. [potion of mutation]
 25831 | Lair:6   | Gained mutation: You have large cloven feet. [potion of
                  | mutation]
 26578 | D:11     | Noticed Erolcha
 26581 | D:11     | Cast into level 1 of the Abyss (Erolcha)
 26693 | Abyss:1  | Noticed a starcursed mass
 26869 | Abyss:1  | Noticed a tentacled starspawn
 26879 | Abyss:1  | Noticed a revenant
 26879 | Abyss:1  | Noticed a tentacled starspawn
 26882 | Abyss:1  | HP: 10/195 [tentacled starspawn (21)]
 26882 | Abyss:1  | HP: 1/195 [tentacled starspawn (9)]
 26883 | Abyss:1  | Slain by a sixfirhy

Illustrated notes

Levels and vault maps discovered:
D:1:      dpeg_arrival_line_fractal, layout_basic, serial_curves,
          eino_curves_04, eino_curves_01, minmay_small_reverse_x
D:2:      layout_loops_corners, serial_shops, shop, minmay_tetromino_l4
D:3:      layout_basic, uniq_sigmund, uniq_crazy_yiuf_cottage, uniq_grinder,
          uniq_jessica
D:4:      layout_cave_pools, cheibrodos_sewer_entry_bend,
          gammafunk_ghost_mausoleum, chequers_mini_garden, item_on_display_a
D:5:      layout_basic, kennysheep_mini, grunt_temple_overflow_open,
          grunt_gozag_breadcrumbs, minmay_misc_feat_roman,
          guppyfry_early_orc_mine
D:6:      layout_loops_ring, chequers_temple_overflow_statue_of_worship,
          minmay_temple_entry_nine_rooms, ebering_ghost_rock_garden
D:7:      layout_basic
D:8:      layout_basic, nzn_wu_jian_council_hall, minmay_circle_x
D:9:      layout_long_grid, amethyst_overflow_temple_binary,
          minmay_lair_entry_grove, gammafunk_ghost_abyssal_escape,
          serial_bayou_lagoon_a
D:10:     layout_loops_ring
D:11:     layout_roguey, orc_david_3, uniq_snorg, uniq_erolcha
Temple:   minmay_temple_bridge_abc
Lair:1:   layout_roguey, minmay_stone_trees_small, uniq_erica, uniq_nergalle,
          uniq_grum
Lair:2:   layout_cave_pods, skrybe_swamp_entry_bodies
Lair:3:   layout_gridlike, grunt_megastairs_2, lemuel_fruit_tree
Lair:4:   layout_regular_city, spider_nest_entry_funnel_web, basic_altar,
          minivault_11
Lair:5:   layout_loops_ring, beast_lair_carwin_11
Lair:6:   minmay_lair_end_frog_pond, layout_small_grid,
          nicolae_slime_entry_slimehenge, disabler_island
Abyss:1:  base:
Lair:4

Skill      XL: |  1  2  3  4  5  6  7  8  9 10 11 12 13 14 |
---------------+-------------------------------------------+-----
Invocations    | 1 2 3 4 5 6 7 8 9 10 | 10.3
Short Blades   | 1 2 3 4 5 6 7 8 9 |  9.5
Long Blades    | 1 2 3 4 5 6 7 8 9 |  9.5
Axes           | 1 2 3 4 5 6 7 8 9 |  9.5
Polearms       | 1 2 3 4 5 6 7 8 9 |  9.5
Staves         | 1 2 3 4 5 6 7 8 9 |  9.5
Slings         | 1 2 3 4 5 6 7 8 9 |  9.5
Bows           | 1 2 3 4 5 6 7 8 9 |  9.5
Crossbows      | 1 2 3 4 5 6 7 8 9 |  9.5
Throwing       | 1 2 3 4 5 6 7 8 9 |  9.5
Dodging        | 1 2 3 4 5 6 7 8 9 |  9.5
Stealth        | 1 2 3 4 5 6 7 8 9 |  9.5
Unarmed Combat | 1 2 3 4 5 6 7 8 9 |  9.5
Conjurations   | 1 2 3 4 5 6 7 8 |  8.0
Hexes          | 1 2 3 4 5 6 7 8 |  8.0
Summonings     | 1 2 3 4 5 6 7 8 |  8.0
Necromancy     | 1 2 3 4 5 6 7 8 |  8.0
Translocations | 1 2 3 4 5 6 7 8 |  8.0
Transmutations | 1 2 3 4 5 6 7 8 |  8.0
Fire Magic     | 1 2 3 4 5 6 7 8 |  8.0
Air Magic      | 1 2 3 4 5 6 7 8 |  8.0
Earth Magic    | 1 2 3 4 5 6 7 8 |  8.0
Poison Magic   | 1 2 3 4 5 6 7 8 |  8.0
Fighting       | 3 4 5 6 7 8 9 |  9.9
Maces & Flails | 3 4 5 6 7 8 9 |  9.9
Armour         | 3 4 5 6 7 8 9 |  9.9
Shields        | 3 4 5 6 7 8 9 |  9.9
Evocations     | 3 4 5 6 7 8 9 |  9.9
Ice Magic      | 4 5 6 7 8 |  8.9
Spellcasting   | 8 9 10 11 | 11.7

Action                   |  1- 3 |  4- 6 |  7- 9 | 10-12 | 13-15 || total
-------------------------+-------+-------+-------+-------+-------++-------
Melee: Club              |    43 |       |       |     4 |       ||    47
       War axe           |    26 |     7 |       |       |       ||    33
       Bite              |     2 |    15 |    28 |    52 |    76 ||   173
       Punch             |     1 |       |     1 |       |       ||     2
       Dagger            |       |    78 |     6 |    67 |       ||   151
       Hand axe          |       |    38 |   157 |   288 |   510 ||   993
       Trident           |       |       |    61 |    59 |       ||   120
Throw: Stone             |       |     7 |       |       |       ||     7
       Javelin           |       |       |       |     2 |       ||     2
       Dart              |       |       |       |    11 |    26 ||    37
 Cast: Freeze            |    28 |     6 |    21 |    15 |    40 ||   110
       Frozen Ramparts   |     6 |    10 |    25 |    47 |    46 ||   134
       Ozocubu's Armour  |     2 |     4 |    10 |    22 |    20 ||    58
       Stone Arrow       |       |       |     7 |    25 |    10 ||    42
       Shock             |       |       |     6 |     7 |       ||    13
       Fireball          |       |       |       |       |     9 ||     9
Evoke: Wand              |       |       |     4 |     2 |    10 ||    16
  Use: Scroll            |     2 |     4 |     1 |    13 |     5 ||    25
       Potion            |       |     2 |       |       |     4 ||     6
 Stab: Sleeping          |     1 |     1 |     6 |     7 |     3 ||    18
       Distracted        |       |       |       |     1 |     4 ||     5
Armor: Robe              |    24 |    34 |    31 |       |       ||    89
       Ring mail         |       |       |    61 |   138 |   132 ||   331
       Skin              |       |       |       |       |    18 ||    18
Dodge: Dodged            |    61 |    72 |   177 |   227 |   200 ||   737
Block: Buckler           |       |       |    39 |   187 |   297 ||   523
       Reflection        |       |       |       |     2 |     4 ||     6

Table legend: (Time is in decaauts)
 A = Elapsed time spent in this place.
 B = Non-inter-level travel time spent in this place.
 C = Inter-level travel time spent in this place.
 D = Time resting spent in this place.
 E = Time spent auto-exploring this place.
 F = Levels seen in this place.
 G = Mean time per level.
                   A        B        C        D        E       F      G
               +--------+--------+--------+--------+--------+-----+--------+
         Total |  26906 |  26097 |    809 |   3487 |  18544 |  19 | 1416.1 |
       Dungeon |  16087 |  15582 |    505 |   2106 |  11305 |  11 | 1462.5 |
        Temple |    202 |    179 |     23 |      0 |    179 |   1 |  202.0 |
          Lair |  10318 |  10038 |    280 |   1209 |   7009 |   6 | 1719.7 |
         Abyss |    297 |    297 |      0 |    172 |     51 |   1 |  297.0 |
               +--------+--------+--------+--------+--------+-----+--------+

Top non-repeatable levels by time:
  Lair:6: 3600 daAuts
     D:2: 2024 daAuts
    D:10: 1914 daAuts
     D:9: 1859 daAuts
     D:7: 1656 daAuts
     D:1: 1605 daAuts
     D:8: 1541 daAuts
     D:3: 1534 daAuts
  Lair:1: 1493 daAuts
  Lair:4: 1399 daAuts
  Lair:2: 1394 daAuts
  Lair:3: 1343 daAuts
     D:6: 1234 daAuts
     D:5: 1183 daAuts
     D:4: 1137 daAuts
